 Dungeon Crawl Stone Soup version 0.29-a0-359-g541a27f54d (webtiles) character file.

Game seed: 15287331097417565828

77631 thiscave3701365 the Executioner (level 15, -1/136 HPs)
             Began as a Minotaur Berserker on Apr 26, 2022.
             Was a High Priest of Trog.
             Slain by a spriggan rider
             ... wielding a +2 spear of distortion
              (6 damage)
             ... on level 2 of the Lair of Beasts on Apr 27, 2022.
             The game lasted 00:37:41 (23005 turns).

thiscave3701365 the Executioner (MiBe)             Turns: 23005, Time: 00:37:43

Health: -1/136     AC: 23    Str: 34    XL:     15   Next: 15%
Magic:  23/23      EV: 11    Int: 13    God:    Trog [*****.]
Gold:   1481       SH:  0    Dex: 13    Spells: 14/14 levels left

rFire   . . .      SeeInvis +   M - +10 executioner's axe of Henos {vorpal, rPois rC- Dex+2}
rCold   . . .      Faith    .   (shield currently unavailable)
rNeg    . . .      Spirit   .   l - +4 shadow dragon scales
rPois   +          Reflect  .   (helmet restricted)
rElec   .          Harm     .   (no cloak)
rCorr   .          Rampage  .   (no gloves)
Will    +....                   v - +1 pair of boots of Puv Zogh {Contam rC+ Int+9 Stlth+}
Stlth   ++++++....              p - amulet of Yturete {Fly Regen+ MP+9}
HPRegen 0.00/turn               S - ring of see invisible
MPRegen 0.18/turn               y - +6 ring of strength

@: on berserk cooldown, sick, flying, slowed, studying Stealth, very slow
A: horns 2, retaliatory headbutt
a: Renounce Religion, Berserk, Trog's Hand, Brothers in Arms


You were on level 2 of the Lair of Beasts.
You worshipped Trog.
Trog was extremely pleased with you.
You visited 2 branches of the dungeon, and saw 19 of its levels.
You also visited: Bailey.

You collected 1481 gold pieces.

Inventory:

Hand Weapons
 f - the +8 battleaxe "Rammi" {vorpal, rElec rPois Will- SInv}
   (You acquired it on level 7 of the Dungeon)

   It inflicts extra damage upon your enemies.
   rElec:     It insulates you from electricity.
   rPois:     It protects you from poison.
   SInv:      It lets you see invisible.
   Will:      It decreases your willpower.
 t - the +3 flail of Luxury {vorpal, Dex+3 SInv}
   (You found it on level 5 of the Lair of Beasts)

   It inflicts extra damage upon your enemies.
   Dex:       It affects your dexterity (+3).
   SInv:      It lets you see invisible.
 I - the +8 autumn katana {vorpal, manifold assault}
   (You found it on level 10 of the Dungeon)

   It sometimes launches melee attacks against multiple visible enemies.
 M - the +10 executioner's axe of Henos (weapon) {vorpal, rPois rC- Dex+2}
   (Trog gifted it to you on level 6 of the Lair of Beasts)

   It inflicts extra damage upon your enemies.
   Dex:       It affects your dexterity (+2).
   rC:        It makes you vulnerable to cold.
   rPois:     It protects you from poison.
Missiles
 c - 3 throwing nets
Armour
 l - +4 shadow dragon scales (worn)
 v - the +1 pair of boots of Puv Zogh (worn) {Contam rC+ Int+9 Stlth+}
   (You found it in a bailey)

   Int:       It affects your intelligence (+9).
   rC:        It protects you from cold.
   Contam:    It causes magical contamination when unequipped.
   Stlth:     It makes you more stealthy.
Jewellery
 g - a +6 ring of dexterity
 h - a +4 ring of protection
 p - the amulet of Yturete (around neck) {Fly Regen+ MP+9}
   (You acquired it on level 9 of the Dungeon)

   [amulet of regeneration]

   MP:        It affects your magic capacity (+9).
   Fly:       It grants you flight.
   Regen:     It increases your rate of health regeneration.
 x - an amulet of reflection
 y - a +6 ring of strength (right hand)
 H - an amulet of the acrobat
 K - a +6 ring of dexterity
 S - a ring of see invisible (left hand)
Wands
 s - a wand of flame (64)
 w - a wand of iceblast (21)
 B - a wand of acid (14)
 D - a wand of digging (6)
 F - a wand of mindburst (12)
 J - a wand of paralysis (9)
 P - a wand of polymorph (6)
Scrolls
 b - 3 scrolls of magic mapping
 k - 2 scrolls of teleportation
 m - a scroll of blinking
 n - 3 scrolls of immolation
 o - 5 scrolls of fog
 q - 5 scrolls of enchant weapon
 r - a scroll of vulnerability
 A - 6 scrolls of identify
 L - a scroll of fear
Potions
 a - 4 potions of attraction
 d - 2 potions of haste
 e - 3 potions of invisibility
 i - 4 potions of heal wounds
 j - a potion of lignification
 u - 3 potions of resistance
 z - 4 potions of might
 C - 10 potions of flight
 E - 7 potions of curing
 G - 3 potions of mutation
 O - a potion of magic
 Q - 3 potions of berserk rage
 R - a potion of brilliance
Miscellaneous
 N - a condenser vane


   Skills:
 - Level 13.4 Fighting
 + Level 24.7 Axes
 - Level 12.3 Armour
 - Level 4.5 Dodging
 - Level 8.6 Stealth
 - Level 1.4 Shields


You had 14 spell levels left.
You didn't know any spells.
Your spell library was empty.

Dungeon Overview and Level Annotations

Branches:
Dungeon (13/15)            Temple (0/1) D:5            Lair (6/6) D:11
  Swamp (0/4) Lair:3        Snake (0/4) Lair:3        Slime (0/5) Lair:5
    Orc (0/2) D:9          Bailey (visited)
 Vaults: D:13-14

Altars:
Cheibriados
Dithmenos
Elyvilon
Hepliaklqana
Nemelex Xobeh
Okawaru
Ru
Sif Muna
Trog
Vehumet
Xom
Zin
Jiyva

Shops:
D:3 (   D:6 [

Portals:
Abyss: Lair:2
Trove: D:13 (give +6 demon whip)

Annotations:
Lair:2 1 transporter


Innate Abilities, Weirdness & Mutations

You have a pair of horns on your head.
You reflexively headbutt those who attack you in melee.


Message History

Trog accepts your kill.
The spriggan rider hits you from afar with a +2 spear of distortion!
* * * LOW HITPOINT WARNING * * *
Space warps horribly around you!!
* * * LOW HITPOINT WARNING * * *
You are too berserk!
You are too berserk!
The spriggan rider closely misses you.
You see here a raiju corpse.
You feel a strong urge to attack something.
You are no longer berserk.
You are exhausted.
You feel yourself slow down.
You see here a +0 vorpal fustibalus.
You feel much better.
The spriggan rider hits you but does no damage.
Space warps horribly around you.
* * * LOW HITPOINT WARNING * * *
The spriggan rider hits you but does no damage.
Space warps around you.
* * * LOW HITPOINT WARNING * * *
Blink to where?
Press: ? - help, Dir - move target
Okay, then.
You feel much better. The sixfirhy closely misses you. The sixfirhy hits you.
* * * LOW HITPOINT WARNING * * *
The sixfirhy shocks you!
* * * LOW HITPOINT WARNING * * *
The spriggan rider hits you but does no damage.
Space warps around you.
* * * LOW HITPOINT WARNING * * *
The sixfirhy hits you but does no damage.
Okay, then.
Your ogre goes berserk!
The sixfirhy closely misses you. x2
The sixfirhy hits you but does no damage.
The spriggan rider hits you from afar with a +2 spear of distortion!
* * * LOW HITPOINT WARNING * * *
The spriggan rider hits you from afar with a +2 spear of distortion.
You die...

#........####....###...........
###...####.###..##.##..........
#...©#....#.#©##..[#...<......
##...##.##..###...##......#...
#....#####..$.#..#.......#...
##........##.#..###.......#...
#..........#....#.........##..
#.....###..##†..#.......######
#....##3##..#@.i##......# #
##..##..∩#.##3...##.....######
#####..##...###...O..#.....##P.##
........##..#..###...##........#.
..#......#..#..##....©#........##
.........#.^.# #..###.#.........#
.........##.####$##.###..........
..........###..###...............
..........................#..#.#.


You could see a spriggan rider, a sixfirhy (ally target) and a friendly ogre
(summoned, berserk).

Vanquished Creatures
  A cacodemon (Lair:2)
  Nessos (Lair:4)
  A dire elephant (Lair:6)
  8 hydras
  The ghost of spaghetti the Thrower, a journeyman DsBe of Trog (Lair:2)
  2 catoblepae
  A centaur warrior (D:13)
  2 two-headed ogres
  A deep troll shaman (Lair:6)
  22 death yaks
  A dancing weapon (D:10)
  A tengu warrior (D:13)
  The ghost of zeratav the Transmogrifier, a novice OpTm (D:10)
  Nergalle (Lair:1)
  4 skeletal warriors (D:13)
  Pikel (D:5)
  An oklob plant (Lair:2)
  2 ugly things
  3 cyclopes
  2 manticores
  26 elephants
  7 black mambas
  A torpor snail (Lair:2)
  A cane toad (shapeshifter) (D:11)
  17 cane toads
  An unseen horror (D:12)
  2 rime drakes
  2 kobold demonologists (D:9)
  3 komodo dragons
  An ancient zyme (Lair:2)
  6 polar bears
  2 trolls
  2 hornets
  A raiju (Lair:2)
  A tyrant leech (Lair:3)
  5 slime creatures (D:13)
  24 blink frogs
  4 wyverns
  55 yaks
  6 basilisks
  A steam dragon (D:7)
  2 vampire mosquitoes (D:12)
  Eustachio (D:4)
  4 wargs
  3 nagas (Lair:3)
  A swamp worm (Lair:3)
  An acid dragon (D:10)
  A water moccasin (shapeshifter) (Lair:2)
  16 water moccasins
  3 ogres
  5 black bears
  A black bear (shapeshifter) (D:11)
  7 orc warriors
  2 sky beasts
  3 ice beasts
  18 wolves
  5 centaurs
  A phantom (D:7)
  13 bullfrogs
  A necrophage (D:6)
  3 scorpions
  7 wights
  7 electric eels
  2 howler monkeys
  2 hounds
  13 orc priests
  3 iguanas
  Natasha (twice) (D:4)
  19 orc wizards
  10 adders
  2 white imps
  A worm (D:2)
  A dart slug (D:4)
  70 orcs
  9 bats
  9 endoplasms
  4 giant cockroaches
  12 goblins
  7 hobgoblins
  7 jackals
  9 kobolds
  4 quokkas
  10 ball pythons
  7 frilled lizards
  5 rats
  A bush (Lair:2)
539 creatures vanquished.

Vanquished Creatures (others)
  34 fungi
  57 plants
91 creatures vanquished.

Grand Total: 630 creatures vanquished

Notes
Turn   | Place    | Note
-------+----------+-------------------------------------------
     0 | D:1      | thiscave3701365 the Minotaur Berserker began the quest for
                  | the Orb.
     0 | D:1      | Reached XP level 1. HP: 19/19 MP: 0/0
   146 | D:1      | Reached skill level 4 in Axes
   181 | D:1      | Found a radiant altar of Vehumet.
   187 | D:1      | Reached XP level 2. HP: 26/27 MP: 1/1
   604 | D:1      | Reached skill level 5 in Axes
   861 | D:1      | Reached XP level 3. HP: 33/33 MP: 2/2
   900 | D:1      | Found a faded altar of an unknown god.
  1301 | D:2      | Reached ** piety under Trog
  1326 | D:2      | Reached skill level 6 in Axes
  1326 | D:2      | Reached XP level 4. HP: 40/40 MP: 3/3
  1899 | D:2      | Reached XP level 5. HP: 39/46 MP: 4/4
  2053 | D:3      | Reached skill level 7 in Axes
  2167 | D:3      | Reached skill level 8 in Axes
  2169 | D:3      | Reached XP level 6. HP: 52/52 MP: 5/5
  2309 | D:3      | Found Rogilen's Weapon Shoppe.
  2322 | D:3      | Reached *** piety under Trog
  2444 | D:3      | Found a sparkling altar of Nemelex Xobeh.
  2711 | D:4      | Noticed Natasha
  2720 | D:4      | Killed Natasha
  2926 | D:4      | Found a snail-covered altar of Cheibriados.
  2990 | D:4      | Noticed Eustachio
  3000 | D:4      | Killed Eustachio
  3001 | D:4      | Reached skill level 9 in Axes
  3106 | D:4      | Found a bloodstained altar of Trog.
  3352 | D:4      | Noticed Natasha
  3364 | D:4      | Killed Natasha
  3365 | D:4      | Reached XP level 7. HP: 55/58 MP: 6/6
  3543 | D:5      | Entered Level 5 of the Dungeon
  3637 | D:5      | Found a staircase to the Ecumenical Temple.
  3754 | D:5      | Reached skill level 10 in Axes
  4100 | D:5      | Noticed Pikel
  4109 | D:5      | Killed Pikel
  4110 | D:5      | Reached skill level 12 in Axes
  4110 | D:5      | Reached XP level 8. HP: 66/66 MP: 7/7
  4476 | D:5      | Found a shimmering altar of Xom.
  4632 | D:5      | Found a shimmering blue altar of Sif Muna.
  4973 | D:6      | Found Vybilem's Antique Armour Shop.
  5145 | D:6      | Reached skill level 13 in Axes
  5592 | D:6      | Reached skill level 1 in Stealth
  5740 | D:6      | Reached XP level 9. HP: 63/71 MP: 8/8
  6602 | D:7      | Found an iron altar of Okawaru.
  6610 | D:7      | Reached skill level 14 in Axes
  6958 | D:7      | Reached skill level 1 in Shields
  7035 | D:7      | Reached skill level 5 in Armour
  7385 | D:7      | Reached skill level 5 in Fighting
  7754 | D:7      | Identified 2 scrolls of acquirement
  7871 | D:7      | Acquired the +8 battleaxe "Rammi" {vorpal, rElec rPois
                  | Will- SInv}
  7906 | D:8      | Found a hazy altar of Hepliaklqana.
  7933 | D:8      | Reached **** piety under Trog
  8184 | D:8      | Reached skill level 15 in Axes
  8338 | D:8      | Found a glowing silver altar of Zin.
  8906 | D:9      | Found a staircase to the Orcish Mines.
  9003 | D:9      | Reached XP level 10. HP: 81/81 MP: 9/9
  9051 | D:9      | Found a sacrificial altar of Ru.
  9215 | D:9      | Reached skill level 16 in Axes
  9536 | D:9      | Found a shadowy altar of Dithmenos.
  9579 | D:9      | Noticed a two-headed ogre
  9590 | D:9      | Killed a two-headed ogre
 10009 | D:9      | Acquired the amulet of Yturete {Fly Regen+ MP+9}
 10232 | D:9      | Reached skill level 17 in Axes
 10386 | D:10     | Entered Level 10 of the Dungeon
 10389 | D:10     | Noticed a two-headed ogre
 10396 | D:10     | Killed a two-headed ogre
 10398 | D:10     | Reached skill level 18 in Axes
 10553 | D:10     | Found a runed translucent door.
 10553 | D:10     | Found a shimmering altar of Xom.
 10553 | D:10     | Noticed a +0 halberd of chaos
 10553 | D:10     | Noticed zeratav's ghost (novice OpTm)
 10553 | D:10     | Found the +8 autumn katana {vorpal, manifold assault}
 10643 | D:10     | Reached XP level 11. HP: 86/86 MP: 10/10
 10779 | D:10     | Found a flagged portal.
 10802 | Bailey   | Entered a bailey
 10903 | Bailey   | Reached ***** piety under Trog
 11112 | Bailey   | Identified the +1 pair of boots of Puv Zogh {Contam rC+
                  | Int+9 Stlth+}
 11453 | D:10     | Found a white marble altar of Elyvilon.
 11621 | D:11     | Found a staircase to the Lair.
 11626 | D:11     | Reached skill level 19 in Axes
 11981 | D:11     | Noticed a seven-headed hydra
 11990 | D:11     | Killed an 11-headed hydra
 12334 | D:11     | Reached skill level 20 in Axes
 12780 | Lair:1   | Entered Level 1 of the Lair of Beasts
 12833 | Lair:1   | Noticed a seven-headed hydra
 12834 | Lair:1   | Noticed Nergalle
 12840 | Lair:1   | Killed Nergalle
 12845 | Lair:1   | Killed a ten-headed hydra
 13425 | Lair:1   | Reached XP level 12. HP: 96/96 MP: 11/11
 13882 | Lair:2   | Noticed a death yak
 13882 | Lair:2   | Noticed a death yak
 13901 | Lair:2   | Noticed a death yak
 13901 | Lair:2   | Noticed a death yak
 13901 | Lair:2   | Noticed a death yak
 13906 | Lair:2   | Killed a death yak
 14273 | Lair:1   | Upgraded the game from 0.29-a0-356-g7bc237e783 to
                  | 0.29-a0-359-g541a27f54d
 14278 | Lair:2   | Killed a death yak
 14279 | Lair:2   | Killed a death yak
 14280 | Lair:2   | Killed a death yak
 14284 | Lair:2   | Reached skill level 21 in Axes
 14285 | Lair:2   | Killed a death yak
 14524 | Lair:2   | Reached skill level 5 in Stealth
 14584 | Lair:2   | Received a gift from Trog
 14589 | Lair:2   | Noticed a cacodemon
 14695 | Lair:2   | Found a transporter.
 14703 | Lair:2   | Found a transporter.
 14703 | Lair:2   | Found a one-way gate to the infinite horrors of the Abyss.
 14703 | Lair:2   | Noticed spaghetti's ghost (journeyman DsBe)
 14749 | Lair:2   | Reached skill level 10 in Fighting
 14749 | Lair:2   | Reached XP level 13. HP: 113/113 MP: 12/12
 15379 | Lair:3   | Reached skill level 10 in Armour
 15746 | Lair:3   | Found a staircase to the Swamp.
 16003 | Lair:3   | Found a staircase to the Snake Pit.
 16185 | Lair:4   | Reached skill level 22 in Axes
 16215 | Lair:4   | Noticed Nessos
 16659 | Lair:3   | HP: 5/117 [poisoned by Nessos]
 16664 | Lair:3   | HP: 4/117 [poisoned by Nessos]
 17597 | D:10     | Killed zeratav's ghost
 17745 | D:12     | Received a gift from Trog
 18027 | D:12     | Found a white marble altar of Elyvilon.
 18570 | D:13     | Found a portal to a secret trove of treasure.
 18624 | D:13     | Reached XP level 14. HP: 69/127 MP: 13/13
 19609 | D:13     | Identified the +3 ring mail of the Five Friars {*Corrode
                  | +Inv Will- Int+6}
 19869 | Lair:4   | Killed Nessos
 20606 | Lair:5   | Found a staircase to the Slime Pits.
 20611 | Lair:5   | Found a viscous altar of Jiyva.
 21077 | Lair:5   | Identified the +3 flail of Luxury {vorpal, Dex+3 SInv}
 21295 | Lair:6   | Entered Level 6 of the Lair of Beasts
 21336 | Lair:6   | Identified the +10 executioner's axe of Henos {vorpal,
                  | rPois rC- Dex+2} (Trog gifted it to you on level 6 of the
                  | Lair of Beasts)
 21336 | Lair:6   | Received a gift from Trog
 21337 | Lair:6   | Reached skill level 23 in Axes
 22241 | Lair:6   | Reached skill level 24 in Axes
 22263 | Lair:6   | Reached XP level 15. HP: 136/136 MP: 14/14
 23000 | Lair:2   | Killed spaghetti's ghost
 23000 | Lair:2   | HP: 9/204 [spriggan rider/+2 spear of distortion (18)]
 23005 | Lair:2   | HP: 5/136 [spriggan rider/+2 spear of distortion (10)]
 23005 | Lair:2   | Slain by a spriggan rider

Illustrated notes

Levels and vault maps discovered:
D:1:      dpeg_arrival_prison, layout_loops_ring,
          ebering_ecumenical_altar_abandoned, kennysheep_nondescript,
          wad_floor_pattern_1, hex_tiny, minmay_hexomino_r4
D:2:      layout_basic
D:3:      layout_basic, nemelex_altar_shiori, serial_shops,
          nicolae_shop_advertising_works [nicolae_subvault_shop_adworks]
D:4:      layout_cave_pods, mainiacjoe_overflow_paths,
          nicolae_overflow_hidden_temple, corexii_hall_statues_t,
          hangedman_decor_riveting, nrook_campfire, uniq_eustachio, uniq_natasha
D:5:      layout_loops_corners, lemuel_coloured_pillars_altar, tgw_xom,
          minmay_temple_entry_enclosed_plants, uniq_pikel
D:6:      layout_basic, serial_shops, shop, serial_bayou, serial_bayou_crossing,
          serial_bayou_lake_a, serial_bayou_shore_b, serial_bayou_shore_a,
          minmay_checkerbox
D:7:      layout_loops_corners, okawaru_gym_becter, serial_rivers,
          chequers_serial_rivers_marsh, chequers_serial_rivers_marsh,
          chequers_serial_rivers_small_b, chequers_serial_rivers_large_b,
          grunt_ministairs_13
D:8:      layout_rooms, mainiacjoe_overflow_surrounded_room, lemuel_tele_altar
D:9:      layout_irregular_city, nicolae_ru_sacrificial_ziggurat,
          mainiacjoe_overflow_six_doors_small, david_orc_3
D:10:     layout_gridville, kennysheep_mini, ebering_ghost_xom, enter_bailey_5,
          chequers_big_river, hangedman_abyss_or_decor_lesser_grid
D:11:     layout_irregular_city, erik_lair_orcish_takeover, wad_mini_maze
D:12:     layout_roguey, elyvilon_altar_3
D:13:     layout_basic, trove_entry_hex_spiral
Lair:1:   layout_small_grid, serial_bayou_lagoon_b, uniq_nergalle
Lair:2:   layout_misc_corridors, gammafunk_ghost_abyssal_escape,
          portal_ice_cave_entry_pillars_2, minmay_lair_oklob_bushes
Lair:3:   layout_cave_pods, palyth_hydra_swamp_entry,
          minmay_snake_entry_guardpost_large
Lair:4:   layout_hall_layers, enter_volcano_1, nicolae_lair_grazing_beasts
          [nicolae_sub_lair_graze_edge, nicolae_sub_lair_graze_edge,
          nicolae_sub_lair_graze_edge, nicolae_sub_lair_graze_edge], uniq_nessos
Lair:5:   layout_misc_corridors, slime_altar_1, lemuel_fruit_fields,
          lemuel_fruit_fields, grunt_megastairs_4
Lair:6:   grunt_lair_end_beastmaster, layout_layer_cave, serial_bayou_shore_b,
          lemuel_fruit_tree

Skill      XL: |  1  2  3  4  5  6  7  8  9 10 11 12 13 14 |
---------------+-------------------------------------------+-----
Axes           | 4 5 6 8 9 12 13 15 18 20 21 22 24 | 24.7
Armour         | 3 5 6 9 11 12 | 12.3
Stealth        | 1 2 3 5 7 8 |  8.6
Fighting       | 4 5 6 10 12 13 | 13.4
Shields        | 1 |  1.4
Dodging        | 3 4 |  4.5

Action                   |  1- 3 |  4- 6 |  7- 9 | 10-12 | 13-15 || total
-------------------------+-------+-------+-------+-------+-------++-------
Melee: Hand axe          |    82 |    44 |       |       |       ||   126
       Headbutt          |    12 |    10 |    26 |    52 |    84 ||   184
       War axe           |       |    55 |   142 |       |       ||   197
       Punch             |       |       |     3 |       |       ||     3
       Battleaxe         |       |       |    41 |   328 |   299 ||   668
       Executioner's axe |       |       |       |       |   109 ||   109
Invok: Berserk           |     3 |     3 |    14 |    13 |    10 ||    43
       Brothers in Arms  |       |       |       |       |     1 ||     1
  Use: Scroll            |       |       |    21 |     4 |     9 ||    34
       Potion            |       |       |       |       |     3 ||     3
 Stab: Sleeping          |     1 |     9 |    10 |    12 |    21 ||    53
       Distracted        |       |       |     1 |       |     1 ||     2
Armor: Animal skin       |    16 |       |       |       |       ||    16
       Shadow dragon sca |    12 |    50 |    66 |   156 |   270 ||   554
Dodge: Dodged            |    64 |    33 |    39 |   125 |   180 ||   441
Block: Other             |       |       |    24 |     8 |       ||    32
       Reflection        |       |       |       |     1 |       ||     1

Table legend: (Time is in decaauts)
 A = Elapsed time spent in this place.
 B = Non-inter-level travel time spent in this place.
 C = Inter-level travel time spent in this place.
 D = Time resting spent in this place.
 E = Time spent auto-exploring this place.
 F = Levels seen in this place.
 G = Mean time per level.
                   A        B        C        D        E       F      G
               +--------+--------+--------+--------+--------+-----+--------+
         Total |  23291 |  21733 |   1558 |   5368 |  13232 |  20 | 1164.6 |
       Dungeon |  15154 |  14151 |   1003 |   3007 |   9416 |  13 | 1165.7 |
          Lair |   7818 |   7263 |    555 |   2361 |   3637 |   6 | 1303.0 |
        Bailey |    318 |    318 |      0 |      0 |    178 |   1 |  318.0 |
               +--------+--------+--------+--------+--------+-----+--------+

Top non-repeatable levels by time:
  Lair:3: 2226 daAuts
     D:7: 1878 daAuts
     D:6: 1732 daAuts
  Lair:1: 1541 daAuts
     D:9: 1525 daAuts
  Lair:6: 1399 daAuts
    D:13: 1314 daAuts
    D:11: 1224 daAuts
     D:5: 1190 daAuts
     D:1: 1103 daAuts
    D:10: 1027 daAuts
     D:2: 983 daAuts
     D:4: 954 daAuts
  Lair:2: 947 daAuts
  Lair:4: 938 daAuts
